 Dungeon Crawl Stone Soup version 0.23-a0-639-ga9a3373 (console) character file.

9 Duffy the Firebug (level 2, 19/19 HPs)
             Began as a Demonspawn Fire Elementalist on Dec 29, 2018.
             Quit the game on level 1 of the Dungeon.
             The game lasted 00:00:50 (926 turns).

Duffy the Firebug (Demonspawn Fire Elementalist)     Turns: 926, Time: 00:00:51

Health: 19/19      AC:  2    Str:  8    XL:     2   Next: 3%
Magic:  3/5        EV: 12    Int: 16    God:
Gold:   17         SH:  0    Dex: 13    Spells: 4/5 levels left

rFire    . . .     SeeInvis .   (no weapon)
rCold    . . .     Gourm    .   (no shield)
rNeg     . . .     Faith    .   a - +0 robe
rPois    .         Spirit   .   (helmet restricted)
rElec    .         Reflect  .   (no cloak)
rCorr    .         Harm     .   (no gloves)
MR       .....                  (no boots)
Stlth    ++........             (no amulet)
HPRegen  0.06/turn              (no ring)
MPRegen  0.09/turn              (no ring)

@: no status effects
A: antennae 1
a: no special abilities


You were on level 1 of the Dungeon.
You were not hungry.

You visited 1 branch of the dungeon, and saw 2 of its levels.

You collected 17 gold pieces.

Inventory:

Armour
 a - a +0 robe (worn)
Scrolls
 b - a scroll of identify {unknown}
 d - a scroll of magic mapping {unknown}
Comestibles
 c - a ration


   Skills:
 - Level 1.7 Dodging
 - Level 1.7 Stealth
 - Level 2.0 Spellcasting
 + Level 2.1 Conjurations
 - Level 2.6 Fire Magic


You had 4 spell levels left.
You knew the following spells:

 Your Spells              Type           Power        Failure   Level  Hunger
h - Flame Tongue          Conj/Fire      #....        8%          1    #......

Your spell library contained the following spells:

 Spells                   Type           Power        Failure   Level  Hunger
 Throw Flame              Conj/Fire      #.....       12%         2    ###....
 Conjure Flame            Conj/Fire      #.......     22%         3    ###....
 Inner Flame              Hex/Fire       #.......     34%         3    ###....
 Sticky Flame             Conj/Fire      #.......     58%         4    #####..
 Fireball                 Conj/Fire      #.........   91%         5    ######.


Dungeon Overview and Level Annotations

Branches:
Dungeon (2/15)

Altars:


Innate Abilities, Weirdness & Mutations

You have a pair of small antennae on your head.


Message History

HP restored.
Found a mace.
You now have 17 gold pieces.
You open the door.
There is an open door here.
As you open the door, it creaks loudly!
You hear a bark! x2
A jackal comes into view.
There is an open door here.
Casting: Flame Tongue (safe; 8% risk of failure)
Confirm with . or Enter, or press ? or * to list all spells.
Aiming: Flame Tongue (safe; 8% risk of failure)
Press: ? - help, Shift-Dir - straight line, f - jackal
Aim: a jackal The flame tongue hits the jackal.
You kill the jackal!
You have reached level 2!
You feel monstrous as your demonic heritage exerts itself.
Your demonic ancestry asserts itself...
A pair of antennae grows on your head!
Are you sure you want to abandon this character and quit the game? (Confirm

#~~~0~~~~~~##...
...##0########## .###
#.# #... ##+## #.##
##...## # ##.....## # #
## ##.......## #( #
##...####.........###.##
......%@'.........+.....
##...####.........####..
## ##.......## ##.
##.....## ## ##...## ##.
##'## ##.# #.# #.#.
#.########..
##........##.


There were no monsters in sight!

Vanquished Creatures
  2 bats
  A goblin (D:2)
  4 jackals
7 creatures vanquished.

Notes
Turn   | Place    | Note
-------+----------+-------------------------------------------
     0 | D:1      | Duffy the Demonspawn Fire Elementalist began the quest for
                  | the Orb.
     0 | D:1      | Reached XP level 1. HP: 13/13 MP: 3/3
   925 | D:1      | Gained mutation: You have a pair of small antennae on your
                  | head. [demonic ancestry]
   925 | D:1      | Reached XP level 2. HP: 19/19 MP: 3/5
   926 | D:1      | Quit the game

Vault maps used:
D:1:      lightli_arrival_boilingwater
D:2:      st_stairs_14, uniq_jessica, uniq_robin

Skill      XL: |  1 |
---------------+----+-----
Conjurations   | 2 |  2.1
Dodging        | |  1.7
Stealth        | |  1.7
Spellcasting   | |  2.0
Fire Magic     | |  2.6

Action                   || total
-------------------------++-------
Melee: Unarmed           ||    37
 Cast: Flame Tongue      ||    18
Armor: Robe              ||    10
Dodge: Dodged            ||    45

Table legend:
 A = Non-vault XP
 B = Vault XP
 C = Vault XP percentage of total XP
 D = Non-vault monster count
 E = Vault monster count
 F = Vault count percentage of total count
                 A         B        C        D         E       F
            +---------+---------+-------+---------+---------+-------
      Total |      13 |       0 |   0.0 |       7 |       0 |   0.0
            +---------+---------+-------+---------+---------+-------
        D:1 |       6 |       0 |   0.0 |       3 |       0 |   0.0
        D:2 |       7 |       0 |   0.0 |       4 |       0 |   0.0
            +---------+---------+-------+---------+---------+-------
